 Dungeon Crawl Stone Soup version bcrawl-1.27.6 (webtiles) character file.

Game seed: 18084899494355473247

202186 Faustar the Destroyer (level 8, -8/41 HPs)
             Began as an Avariel Conjurer on Sept 30, 2020.
             Mangled by a troll (15 damage)
             ... on level 7 of the Dungeon.
             The game lasted 00:12:49 (6997 turns).

Faustar the Destroyer (Avariel Conjurer)            Turns: 6997, Time: 00:12:49

Health: -8/41      AC:  2    Str:  6    XL:     8   Next: 97%
Magic:  4/19       EV: 16    Int: 24    God:
Gold:   368        SH:  0    Dex: 13    Spells: 13/20 levels left

rFire    . . .     SeeInvis .   d - +4 dagger (elec)
rCold    . . .     Gourm    .   (no shield)
rNeg     . . .     Faith    .   a - +0 robe
rPois    .         Spirit   .   (no helmet)
rElec    .         Reflect  .   (no cloak)
rCorr    .         Harm     .   (no gloves)
MR       .....                  (no boots)
Stlth    ++........             (no amulet)
HPRegen  0.13/turn              (no ring)
MPRegen  0.16/turn              (no ring)

@: no status effects
A: no striking features
a: no special abilities


You were on level 7 of the Dungeon.
You were hungry.

You visited 2 branches of the dungeon, and saw 8 of its levels.

You collected 368 gold pieces.

Inventory:

Hand Weapons
 d - a +4 dagger of electrocution (weapon)
Armour
 a - a +0 robe (worn)
 j - a +0 helmet
 s - a scarf of repulsion
Wands
 k - a wand of polymorph (23)
 l - a wand of flame (16)
 q - a wand of iceblast (4)
 t - a wand of paralysis (13)
Scrolls
 f - 11 scrolls of identify
 g - 9 scrolls of remove curse {unknown}
 h - 5 scrolls of teleportation {unknown}
 p - a scroll of enchant weapon {unknown}
Potions
 b - a potion of degeneration {unknown}
 c - a potion of magic
 i - a potion of agility {unknown}
 m - a potion of heal wounds {unknown}
 n - a potion of invisibility
 o - 2 potions of haste {unknown}
 r - 2 potions of flight {unknown}
 v - a potion of curing
 w - a potion of cancellation {unknown}
Comestibles
 e - 14 rations {!d}


   Skills:
 + Level 7.5 Dodging
 - Level 2.1 Stealth
 - Level 6.6 Spellcasting
 - Level 8.5 Conjurations
 - Level 6.0 Hexes


You had 13 spell levels left.
You knew the following spells:

 Your Spells              Type           Power        Failure   Level  Hunger
a - Magic Dart            Conj           ####         1%          1    None
b - Searing Ray           Conj           #####...     1%          2    None
c - Fulminant Prism       Conj/Hex       #####.....   3%          4    ####...

Your spell library contained the following spells:

 Spells                   Type           Power        Failure   Level  Hunger
 Iskenderun's Mystic Bla  Conj           #####...     1%          3    #......
 Irradiate                Conj/Tmut      ####......   36%         5    #####..


Dungeon Overview and Level Annotations

Branches:
Dungeon (7/12)             Temple (1/1) D:4
   Lair: D:7-9

Altars:
Ashenzari
Dithmenos
Elyvilon
Fedhas
Gozag
Hepliaklqana
Kikubaaqudgha
Lugonu
Makhleb
Nemelex Xobeh
Okawaru
Qazlal
Ru
Trog
Uskayaw
Vehumet
Wu Jian
Xom
Yredelemnul
Zin
The Shining One


Message History

The bullfrog zombie closely misses you. The kobold hits your fulminant prism.
Your fulminant prism crackles loudly.
The searing ray hits the bullfrog zombie!
You destroy the bullfrog zombie!
The kobold hits your fulminant prism.
Your fulminant prism explodes!
The blast of energy engulfs the kobold!
You kill the kobold!
The blast of energy engulfs the troll!
The troll is moderately wounded.
You hear an angry hiss.
You hear a shout! x3; You hear a loud, deep croak!
The searing ray hits the troll!
The troll is severely wounded.
The troll bites you! The troll claws you! x2
* * * LOW HITPOINT WARNING * * *
The searing ray hits the troll!
The troll is almost dead.
A kobold comes into view. It is wielding a +0 short sword.
The troll bites you!
You die...

## .. ########
.# #...@T.# .#
#.####.####.##
....T.†..K.K..#
##.####.####†.#
#.# .)... ..#
#.#### #### ..
###


You could see a troll and a kobold.

Vanquished Creatures
  A hippogriff (D:6)
  A hungry ghost (D:4)
  A black bear (D:6)
  A phantom (D:6)
  3 sky beasts
  A necrophage (D:4)
  A centaur (D:3)
  A howler monkey (D:4)
  4 crimson imps
  A bullfrog zombie (D:7)
  2 hounds (D:6)
  An orc priest (D:3)
  An iguana (D:6)
  2 orc wizards
  2 bullfrog skeletons
  2 worker ants
  A mummy (D:6)
  A hound zombie (D:3)
  A hound skeleton (D:4)
  Robin (D:2)
  3 gnolls (D:6)
  3 adders
  5 worms
  2 dart slugs
  4 leopard geckos
  13 orcs
  3 bats
  5 giant cockroaches
  14 goblins
  9 hobgoblins
  10 jackals
  5 quokkas
  A ball python (D:2)
  3 frilled lizards
  14 kobolds
  4 rats
127 creatures vanquished.

Vanquished Creatures (others)
  12 fulminant prisms
12 creatures vanquished.

Grand Total: 139 creatures vanquished

Notes
Turn   | Place    | Note
-------+----------+-------------------------------------------
     0 | D:1      | Faustar the Avariel Conjurer began the quest for the Orb.
     0 | D:1      | Reached XP level 1. HP: 10/10 MP: 6/6
   109 | D:1      | Reached XP level 2. HP: 10/15 MP: 6/8
   415 | D:1      | Reached XP level 3. HP: 19/19 MP: 7/10
   521 | D:1      | Reached skill level 6 in Conjurations
   683 | D:2      | Learned a level 2 spell: Searing Ray
   753 | D:2      | Noticed Robin
   757 | D:2      | Killed Robin
   877 | D:2      | Reached XP level 4. HP: 24/24 MP: 9/12
  1020 | D:2      | Learned a level 4 spell: Fulminant Prism
  1864 | D:3      | Found a faded altar of an unknown god.
  1974 | D:3      | Reached skill level 7 in Conjurations
  1974 | D:3      | Reached XP level 5. HP: 28/28 MP: 3/14
  2035 | D:3      | Found an ornate altar of the Wu Jian Council.
  2038 | D:3      | Reached skill level 5 in Spellcasting
  2213 | D:3      | Found a hazy altar of Hepliaklqana.
  2414 | D:3      | Noticed a centaur
  2455 | D:3      | Killed a centaur
  2455 | D:3      | Reached XP level 6. HP: 23/32 MP: 10/16
  2835 | D:4      | Reached skill level 8 in Conjurations
  3161 | D:4      | Noticed a sky beast
  3172 | D:4      | Killed a sky beast
  3172 | D:4      | Reached XP level 7. HP: 36/36 MP: 4/18
  3285 | D:4      | Reached skill level 1 in Hexes
  3432 | D:4      | Noticed a hungry ghost
  3439 | D:4      | Killed a hungry ghost
  3666 | D:4      | Found a staircase to the Ecumenical Temple.
  3829 | D:4      | Reached skill level 5 in Hexes
  3919 | Temple   | Entered the Ecumenical Temple
  4239 | D:4      | Found a glowing golden altar of the Shining One.
  4383 | D:5      | Entered Level 5 of the Dungeon
  4493 | D:5      | Reached XP level 8. HP: 41/41 MP: 15/19
  5933 | D:6      | Noticed a hippogriff
  5940 | D:6      | Killed a hippogriff
  6097 | D:6      | Reached skill level 5 in Dodging
  6465 | D:6      | Found a shattered altar of Ashenzari.
  6988 | D:7      | Noticed a troll
  6997 | D:7      | Mangled by a troll

Skill      XL: |  1  2  3  4  5  6  7  8 |
---------------+-------------------------+-----
Spellcasting   | 3 4 5 6 |  6.6
Conjurations   | 6 7 8 |  8.5
Hexes          | 5 6 |  6.0
Dodging        | 7 |  7.5
Stealth        | |  2.1

Action                   |  1- 3 |  4- 6 |  7- 9 || total
-------------------------+-------+-------+-------++-------
Melee: Dagger            |    15 |     3 |     5 ||    23
 Cast: Magic Dart        |    49 |    49 |    35 ||   133
       Searing Ray       |     1 |    19 |    23 ||    43
       Fulminant Prism   |       |     6 |     6 ||    12
  Use: Potion            |       |     3 |       ||     3
 Stab: Sleeping          |       |     1 |       ||     1
  Eat: Chunk             |     1 |    10 |     3 ||    14
       Ration            |       |       |     3 ||     3
Armor: Robe              |     2 |     1 |     2 ||     5
Dodge: Dodged            |    13 |    16 |     5 ||    34
